 Dungeon Crawl Stone Soup version 0.30-a0-279-g4b46babb21 (webtiles) character file.

Game seed: 6722519315487951758

87 Harunobu the Ducker (level 4, -3/39 HPs)
             Began as a Minotaur Monk on Oct 16, 2022.
             Slain by Grinder (9 damage)
             ... while paralysed by Grinder
             ... on level 3 of the Dungeon.
             The game lasted 00:02:57 (2256 turns).

Harunobu the Ducker (Minotaur Monk)                 Turns: 2256, Time: 00:02:57

Health: -3/39      AC:  7    Str: 17    XL:     4   Next: 28%
Magic:  3/3        EV:  2    Int:  7    God:
Gold:   93         SH:  0    Dex: 13    Spells: 3/3 levels left

rFire   . . .      SeeInvis .    t - +1 short sword (elec)
rCold   . . .      Faith    .    i - +0 tower shield
rNeg    . . .      Spirit   .    k - +0 scale mail
rPois   .          Reflect  .    (helmet restricted)
rElec   .          Harm     .    (no cloak)
rCorr   .          Rampage  .    o - +0 pair of gloves
Will    .....                    (no boots)
Stlth   +.........               (no amulet)
HPRegen 0.26/turn                (no ring)
MPRegen 0.08/turn                (no ring)

@: paralysed
A: horns 2, retaliatory headbutt
a: no special abilities


You were on level 3 of the Dungeon.
You visited 1 branch of the dungeon, and saw 3 of its levels.

You collected 93 gold pieces.

Inventory:

Hand Weapons
 a - a +0 mace
 t - a +1 short sword of electrocution (weapon)
Armour
 b - a +0 robe
 d - a +0 ring mail
 i - a +0 tower shield (worn)
 k - a +0 scale mail (worn)
 o - a +0 pair of gloves (worn)
Jewellery
 m - a ring of flight
Scrolls
 e - 2 scrolls of noise {unknown}
 f - a scroll of torment {unknown}
 h - a scroll of magic mapping {unknown}
 l - 2 scrolls of teleportation {unknown}
 n - a scroll of enchant armour {unknown}
 p - a scroll of immolation {unknown}
 q - 2 scrolls of poison {unknown}
 s - a scroll of blinking {unknown}
 u - 2 scrolls of vulnerability {unknown}
 v - 2 scrolls of amnesia {unknown}
Potions
 c - a potion of ambrosia
 g - a potion of attraction {unknown}
 j - a potion of lignification {unknown}
 r - 2 potions of haste {unknown}
 w - 2 potions of resistance {unknown}


   Skills:
 - Level 3.6 Fighting
 - Level 3.6 Maces & Flails
 + Level 4.6 Dodging
 + Level 3.1 Stealth


You had 3 spell levels left.
You didn't know any spells.
Your spell library contained the following spells:

 Spells                   Type           Power      Damage    Failure   Level
 Sublimation of Blood     Necr           0%         N/A       100%        2
 Wereblood                Tmut           0%         N/A       100%        2
 Summon Hydra             Summ           0%         N/A       100%        7


Dungeon Overview and Level Annotations

Branches:
Dungeon (3/15)

Altars:

Annotations:
D:3 Grinder


Innate Abilities, Weirdness & Mutations

You have a pair of horns on your head.
You reflexively headbutt those who attack you in melee.


Message History

Found a stone staircase leading down.
Found a scroll labelled PEOZUS FACWOTWAMN.
u - 2 scrolls labelled PEOZUS FACWOTWAMN (gained 1)
w - 2 white potions Grinder shouts!
Grinder blinks!
Grinder is nearby!
A quokka comes into view.
You closely miss Grinder. Your headbutt misses Grinder.
Grinder blinks!
You closely miss the quokka. The quokka barely misses you.
You furiously retaliate!
You headbutt the quokka!
You kill the quokka!
Grinder hits you!
You writhe in agony.
You hit Grinder but do no damage. Your headbutt misses Grinder.
You block Grinder's attack.
Grinder says, "Make like a tree!"
Grinder hits you.
You closely miss Grinder.
The orc shouts!
Your headbutt misses Grinder. You block Grinder's attack.
You hit Grinder.
Grinder is lightly wounded.
Grinder gestures at you. Pain shoots through your body!
You block Grinder's attack.
You hit Grinder. You headbutt Grinder, but do no damage.
Grinder is lightly wounded.
You block Grinder's attack.
You hit Grinder.
Grinder is lightly wounded.
Grinder barely misses you. The orc hits you but does no damage.
Grinder gestures at you.
You suddenly lose the ability to move!
The orc hits you with a +0 whip. Grinder gestures at you.
Pain shoots through your body!
* * * LOW HITPOINT WARNING * * *
The orc hits you with a +0 whip.
* * * LOW HITPOINT WARNING * * *
Grinder hits you!
You die...

.## ## ..### ..#
#.#.... ..# #
#.#.##.# ..##.
#.<....# ....
#.#.#### ..# #o#.#
..######## #@#..
..#......# #5####
...>####.# #.#
.#..####.#######.#
.................#
##..####.#########
##..####.#
.........#
##########


You could see Grinder and an orc.

Vanquished Creatures
  Robin (D:2)
  3 adders (D:2)
  A worm (D:2)
  A dart slug (D:1)
  A bat (D:1)
  An endoplasm (D:2)
  2 giant cockroaches
  6 hobgoblins
  5 jackals
  A quokka (D:3)
  5 ball pythons
  4 frilled lizards
  6 goblins
  3 kobolds
  6 rats
46 creatures vanquished.

Notes
Turn   | Place    | Note
-------+----------+-------------------------------------------
     0 | D:1      | Harunobu the Minotaur Monk began the quest for the Orb.
     0 | D:1      | Reached XP level 1. HP: 19/19 MP: 0/0
   518 | D:1      | Reached XP level 2. HP: 23/26 MP: 1/1
  1268 | D:2      | Reached skill level 4 in Dodging
  1268 | D:2      | Reached XP level 3. HP: 25/31 MP: 2/2
  1396 | D:2      | Noticed Robin
  1410 | D:2      | Killed Robin
  1673 | D:2      | Reached XP level 4. HP: 39/39 MP: 3/3
  1763 | D:2      | Found a faded altar of an unknown god.
  2095 | D:3      | Noticed Grinder
  2254 | D:3      | Paralysed by Grinder for 3 turns
  2256 | D:3      | Slain by Grinder

Illustrated notes

Levels and vault maps discovered:
D:1:      scummos_arrival_forest, layout_basic
D:2:      layout_basic, hellmonk_ecumenical_altar_crossroads, uniq_robin
D:3:      layout_loops_cross, vehumet_statue, grunt_decor_resistance,
          uniq_grinder

Skill      XL: |  1  2  3  4 |
---------------+-------------+-----
Stealth        | 2 3 |  3.1
Dodging        | 4 |  4.6
Fighting       | |  3.6
Maces & Flails | |  3.6

Action                   |  1- 3 |  4- 6 || total
-------------------------+-------+-------++-------
Melee: Mace              |    78 |       ||    78
       Headbutt          |    13 |     6 ||    19
       Short sword       |     3 |    39 ||    42
Armor: Ring mail         |    14 |       ||    14
       Scale mail        |    28 |    19 ||    47
Dodge: Dodged            |    28 |    13 ||    41
Block: Tower shield      |    36 |    29 ||    65

Table legend: (Time is in decaauts)
 A = Elapsed time spent in this place.
 B = Non-inter-level travel time spent in this place.
 C = Inter-level travel time spent in this place.
 D = Time resting spent in this place.
 E = Time spent auto-exploring this place.
 F = Levels seen in this place.
 G = Mean time per level.
                   A        B        C        D        E       F      G
               +--------+--------+--------+--------+--------+-----+--------+
         Total |   2313 |   2224 |     89 |    305 |   1444 |   3 |  771.0 |
       Dungeon |   2313 |   2224 |     89 |    305 |   1444 |   3 |  771.0 |
               +--------+--------+--------+--------+--------+-----+--------+

Top non-repeatable levels by time:
     D:2: 1141 daAuts
     D:1: 1026 daAuts
     D:3: 145 daAuts
